 Dungeon Crawl Stone Soup version 0.24-a0-458-gfcb5e6da0e (webtiles) character file.

Game seed: 2709241551810867825

81 Craser22 the Chopper (level 4, -2/39 HPs)
             Began as a Minotaur Berserker on June 27, 2019.
             Was a Believer of Trog.
             Slain by an adder (4 damage)
             ... on level 2 of the Dungeon.
             The game lasted 00:06:41 (1591 turns).

Craser22 the Chopper (Minotaur Berserker)           Turns: 1591, Time: 00:06:42

Health: -2/39      AC:  2    Str: 21    XL:     4   Next: 19%
Magic:  3/3        EV: 12    Int:  4    God:    Trog [**....]
Gold:   127        SH:  0    Dex: 11    Spells: 3/3 levels left

rFire    . . .     SeeInvis .   a - +0 hand axe
rCold    . . .     Gourm    .   (no shield)
rNeg     . . .     Faith    .   b - +0 animal skin
rPois    .         Spirit   .   (helmet restricted)
rElec    .         Reflect  .   (no cloak)
rCorr    .         Harm     .   (no gloves)
MR       .....                  (no boots)
Stlth    +.........             (no amulet)
HPRegen  0.13/turn              (no ring)
MPRegen  0.08/turn              (no ring)

@: lethally poisoned (-2 -> -13)
A: retaliatory headbutt, horns 2
a: Berserk, Trog's Hand, Renounce Religion


You were on level 2 of the Dungeon.
You worshipped Trog.
Trog was pleased with you.
You were not hungry.

You visited 1 branch of the dungeon, and saw 2 of its levels.

You collected 127 gold pieces.


Innate Abilities, Weirdness & Mutations

You reflexively headbutt those who attack you in melee.
You have a pair of horns on your head.


   Skills:
 - Level 3.6 Fighting
 + Level 6.1 Axes
 - Level 2.4 Armour
 - Level 2.1 Dodging


You had 3 spell levels left.
You didn't know any spells.
Your spell library was empty.

Inventory:

Hand Weapons
 a - a +0 hand axe (weapon)
 o - a +0 morningstar
 v - a +2 hand axe of venom
Missiles
 f - 47 stones (quivered)
Armour
 b - a +0 animal skin (worn)
 q - a +1 pair of boots
Jewellery
 d - a +2 ring of evasion {unknown}
 e - an uncursed ring of see invisible {unknown}
 k - an uncursed ring of flight {unknown}
 l - an uncursed amulet of harm {unknown}
 p - a +3 ring of evasion {unknown}
 s - an uncursed amulet of the gourmand {unknown}
Scrolls
 g - a scroll of amnesia {unknown}
 h - a scroll of teleportation {unknown}
 j - 4 scrolls of remove curse
 m - a scroll of enchant armour {unknown}
 r - 3 scrolls of identify {unknown}
 t - a scroll of immolation {unknown}
Potions
 i - a potion of ambrosia {unknown}
 n - a potion of berserk rage {unknown}
Comestibles
 c - 3 rations
 u - 2 chunks of flesh

Dungeon Overview and Level Annotations

Branches:
Dungeon (2/15)

Altars:

▒▒▒▒ ▒▒▒▒▒▒▒▒▒▒▒ ..▒ .
.(....▒▒... ▒.▒ ...
......▒..▒▒▒▒.▒▒▒▒▒.....
................HS......
.......▒.^.▒.▒▒▒▒▒▒.....
.......▒▒▒...▒ .▒▒▒▒
.<)..........▒▒▒▒▒▒.▒ ▒▒▒
......).▒▒▒.........▒ ▒▒...
▒.▒▒▒▒.............▒▒▒...▒ ..▒
▒▒▒▒........▒.....▒ ▒▒..
.▒▒▒▒▒........<▒.▒▒.▒..▒▒▒▒▒▒...
▒▒▒▒....▒▒▒.▒▒.........▒.......


You could see an adder.


Message History

The adder poisons you! The adder misses you.
You miss the adder.
The adder is almost dead.
The adder closely misses you.
You closely miss the adder.
The adder is almost dead.
You feel sick. The adder misses you.
Unknown command.
You barely miss the adder. Your headbutt misses the adder.
The adder is almost dead.
You feel sick. The adder bites you.
* * * LOW HITPOINT WARNING * * *
The adder bites you.
* * * LOW HITPOINT WARNING * * *
You miss the adder.
The adder is almost dead.
The adder bites you.
* * * LOW HITPOINT WARNING * * *
You are more poisoned.
The adder poisons you!
You closely miss the adder.
The adder is almost dead.
* * * LOW HITPOINT WARNING * * *
You feel sick. The adder bites you.
You die...

Action                   |  1- 3 |  4- 6 || total
-------------------------+-------+-------++-------
Melee: Hand axe          |    87 |    15 ||   102
       Headbutt          |    10 |     1 ||    11
Invok: Berserk           |     1 |       ||     1
  Use: Scroll            |     1 |       ||     1
 Stab: Sleeping          |     1 |       ||     1
  Eat: Chunk             |     2 |     1 ||     3
Armor: Animal skin       |    20 |     2 ||    22
Dodge: Dodged            |    56 |     8 ||    64

Levels and vault maps discovered:
D:1:      eino_arrival_water_star, layout_basic, minmay_worlds_worst_comb
D:2:      minmay_general_purpose_star, layout_rooms, uniq_crazy_yiuf_cottage

Notes
Turn   | Place    | Note
-------+----------+-------------------------------------------
     0 | D:1      | Craser22 the Minotaur Berserker began the quest for the
                  | Orb.
     0 | D:1      | Reached XP level 1. HP: 19/19 MP: 0/0
    52 | D:1      | Reached skill level 4 in Axes
   177 | D:1      | Reached XP level 2. HP: 26/26 MP: 1/1
   392 | D:1      | Reached ** piety under Trog
   392 | D:1      | Reached skill level 5 in Axes
   457 | D:1      | Reached XP level 3. HP: 30/31 MP: 2/2
  1177 | D:2      | Reached skill level 6 in Axes
  1177 | D:2      | Reached XP level 4. HP: 26/39 MP: 3/3
  1590 | D:2      | HP: 3/39 [adder (5)]
  1591 | D:2      | Slain by an adder

Vanquished Creatures
  2 adders (D:2)
  A worm (D:2)
  A dart slug (D:1)
  2 leopard geckos
  8 giant cockroaches
  11 goblins
  4 hobgoblins
  2 jackals (D:2)
  7 kobolds
  A quokka (D:2)
  5 bats
  2 frilled lizards
  5 rats
51 creatures vanquished.
